 Dungeon Crawl Stone Soup version bcrawl-1.31.3 (webtiles) character file.

Game seed: 17320061988930600617

400514 funkygono the Thaumaturge (level 10, -1/57 HPs)
             Began as a Fairy Fire Elementalist on Apr 28, 2021.
             Was a Believer of Vehumet.
             Slain by an orc knight
             ... wielding a +2 spear of flaming
              (2 damage)
             ... on level 8 of the Dungeon.
             The game lasted 00:22:57 (6610 turns).

funkygono the Thaumaturge (Fairy Fire Elementalist) Turns: 6610, Time: 00:22:58

Health: -1/57      AC:  8    Str:  6    XL:     10   Next: 78%
Magic:  23/26      EV: 25    Int: 23    God:    Vehumet [**....]
Gold:   559        SH:  6    Dex: 12    Spells: 15/30 levels left

rFire    . . .     SeeInvis .   k - +4 dagger
rCold    . . .     Gourm    .   (shield restricted)
rNeg     . . .     Faith    .   (armour unavailable)
rPois    .         Spirit   .   (no helmet)
rElec    .         Reflect  .   (no cloak)
rCorr    .         Harm     .   (no gloves)
MR       +....                  l - +1 pair of boots
Stlth    ..........             (no amulet)
HPRegen  0.19/turn              g - +5 ring of evasion
MPRegen  0.20/turn              w - +2 ring of evasion

@: flying evasively, drained
A: small, magic attunement, unstealthy, unfitting armour, able to fly, AC/SH +6
a: Stop Flying, Renounce Religion


You were on level 8 of the Dungeon.
You worshipped Vehumet.
Vehumet was pleased with you.
You were hungry.

You visited 1 branch of the dungeon, and saw 8 of its levels.

You collected 559 gold pieces.

Inventory:

Hand Weapons
 k - a +4 dagger (weapon)
 v - the +9 staff of Olgreb {rPois}
   (You found it on level 7 of the Dungeon)

   It protects you from poison.
 x - a +0 dagger of speed
Missiles
 b - 1170 stones (quivered)
Armour
 h - a +2 medium shield
 l - a +1 pair of boots (worn)
 s - a +0 medium shield
Jewellery
 g - a +5 ring of evasion (left hand)
 m - an uncursed ring of protection from cold
 w - a +2 ring of evasion (right hand)
Wands
 t - a wand of disintegration (10)
 u - a wand of flame (33)
 y - a wand of random effects (10)
Scrolls
 f - 6 scrolls of teleportation
 i - 3 scrolls of identify
 n - 2 scrolls of magic mapping
 q - 6 scrolls of remove curse
 r - a scroll of fog
Potions
 a - 3 potions of haste
 c - 3 potions of mutation
 d - 3 potions of curing
 j - a potion of lignification
 o - a potion of ambrosia
 p - a potion of might
 z - a potion of brilliance {unknown}
 A - a potion of magic {unknown}
Comestibles
 e - 15 rations {!d}


   Skills:
 + Level 0.7(0.0) Fighting
 + Level 2.1(1.1) Short Blades
 + Level 5.5(4.3) Dodging
 - Level 1.5(0.5) Stealth
 + Level 2.8(1.7) Shields
 + Level 10.7(9.4) Spellcasting
 + Level 8.6(7.4) Conjurations
 + Level 10.1(8.8) Fire Magic
 * Level 6.2(5.0) Earth Magic
 * Level 1.7(0.7) Poison Magic


You had 15 spell levels left.
You knew the following spells:

 Your Spells              Type           Power        Failure   Level  Hunger
a - Flame Tongue          Conj/Fire      #####        1%          1    None
b - Conjure Flame         Conj/Fire      #####...     1%          3    None
c - Sticky Flame          Conj/Fire      #####...     1%          4    None
d - Fireball              Conj/Fire      #####.....   1%          5    None
e - Sandblast             Erth           ####..       1%          1    None
f - Sting                 Conj/Pois      ####         1%          1    None

Your spell library contained the following spells:

 Spells                   Type           Power        Failure   Level  Hunger
 Ignite Poison            Fire/Tmut/Pois ####....     1%          3    None
 Flaming Arrows           Chrm/Fire      ####....     1%          2    None
 Inner Flame              Hex/Fire       N/A          1%          3    None


Dungeon Overview and Level Annotations

Branches:
Dungeon (8/12)             Temple (0/1) D:6
   Lair: D:7-9          Orc: D:8-11

Altars:
Cheibriados
Dithmenos
Elyvilon
Fedhas
Gozag
Hepliaklqana
Lugonu
Nemelex Xobeh
Qazlal
Ru
Uskayaw
Vehumet
Xom

Annotations:
D:5 1 runed translucent door, mat's ghost, novice FoGl


Innate Abilities, Weirdness & Mutations

Your spells do not cause hunger and MP costs are reduced by 1.
Your bright wings attract enemies. (Stealth-)
You cannot fit into any form of body armour.
Your shimmering scales are hard and can block incoming attacks. (AC +6, SH +6)
You are small and have problems with some larger weapons.
You can fly continuously.


Message History

The orc knight misses you.
Casting: Sting (safe; 1% risk of failure)
Confirm with . or Enter, or press ? or * to list all spells.
Aiming: Sticky Flame (safe; 1% risk of failure)
Press: ? - help, Shift-Dir - straight line, f/p - orc knight
Aim: an orc knight, wielding a +2 spear of flaming, wearing a +0 scale mail of fire resistance and wearing a +0 medium shield (heavily wounded)
The sticky flame hits the orc knight but does no damage.
The orc knight is heavily wounded.
The orc knight is covered in liquid flames!
The orc knight burns!
The orc knight hits you with a +2 spear of flaming!!
* * * LOW HITPOINT WARNING * * *
The orc knight burns you!
* * * LOW HITPOINT WARNING * * *
Unknown command.
The orc knight burns!
The orc knight hits you from afar with a +2 spear of flaming.
* * * LOW HITPOINT WARNING * * *
The orc knight burns you.
You die...

####.....#..##.#
#..............## . ####
##...............# .#
#..####...............###.#
#(...# #..>................
##...# ##..................
#....# #....o..............
###.<###....#..............
##........@##o....)........
#...).####.##.............#
#.......#..##............##
#........................#
#......##................##
##.....##..................
###.......................
##<.....................
##.....#...............


You could see an orc knight (burning).

Vanquished Creatures
  An orc knight (D:8)
  2 trolls (D:7)
  A hippogriff (D:6)
  6 yaks (D:7)
  2 orc warriors (D:6)
  5 soldier ants (D:7)
  2 water moccasins (D:7)
  3 ice beasts
  4 sky beasts
  An ogre (D:6)
  2 centaurs
  A water moccasin zombie (D:5)
  5 scorpions
  8 killer bees (D:7)
  6 wights
  2 howler monkeys (D:7)
  5 crimson imps
  A bullfrog zombie (D:6)
  A quasit (D:7)
  A centaur skeleton (D:4)
  A jelly (D:3)
  3 hounds
  5 orc priests
  8 orc wizards
  Jessica (D:3)
  Terence (D:2)
  An iguana (D:3)
  4 worker ants
  A worker ant zombie (D:6)
  10 adders
  A shadow imp (D:8)
  An ooze (D:5)
  An adder skeleton (D:4)
  3 worms (D:2)
  3 dart slugs
  6 leopard geckos
  25 orcs
  A ball python (D:4)
  5 giant cockroaches
  10 hobgoblins
  5 quokkas
  9 bats
  3 frilled lizards
  10 goblins
  A jackal zombie (D:6)
  17 kobolds
  10 rats
205 creatures vanquished.

Notes
Turn   | Place    | Note
-------+----------+-------------------------------------------
     0 | D:1      | funkygono the Fairy Fire Elementalist began the quest for
                  | the Orb.
     0 | D:1      | Reached XP level 1. HP: 11/11 MP: 6/6
    98 | D:1      | Reached XP level 2. HP: 16/17 MP: 7/7
   433 | D:1      | Reached XP level 3. HP: 21/21 MP: 9/9
   437 | D:1      | Learned a level 3 spell: Conjure Flame
   640 | D:2      | Reached XP level 4. HP: 27/27 MP: 11/11
   683 | D:2      | Noticed Terence
   693 | D:2      | Killed Terence
   702 | D:2      | Learned a level 4 spell: Sticky Flame
   749 | D:2      | Reached skill level 5 in Fire Magic
  1098 | D:2      | Reached XP level 5. HP: 31/31 MP: 13/13
  1443 | D:3      | Noticed Jessica
  1443 | D:3      | Noticed a sky beast
  1452 | D:3      | Killed Jessica
  1452 | D:3      | Killed a sky beast
  1453 | D:3      | Reached XP level 6. HP: 36/36 MP: 7/15
  1467 | D:3      | Learned a level 5 spell: Fireball
  1598 | D:3      | Reached skill level 5 in Spellcasting
  1765 | D:3      | Noticed a sky beast
  1770 | D:3      | Killed a sky beast
  1887 | D:3      | Found a sparkling altar of Nemelex Xobeh.
  1888 | D:3      | Found an opulent altar of Gozag.
  2054 | D:3      | Reached XP level 7. HP: 34/41 MP: 13/17
  3206 | D:5      | Entered Level 5 of the Dungeon
  3218 | D:5      | Noticed mat's ghost (novice FoGl)
  3232 | D:5      | Reached skill level 1 in Shields
  3241 | D:5      | Found a runed translucent door.
  3287 | D:5      | Found a sacrificial altar of Ru.
  3404 | D:5      | Found a snail-covered altar of Cheibriados.
  3471 | D:5      | Found a radiant altar of Vehumet.
  3563 | D:5      | Became a worshipper of Vehumet
  3582 | D:5      | Found a shimmering altar of Xom.
  3584 | D:5      | Found a hazy altar of Hepliaklqana.
  3584 | D:5      | Found a white marble altar of Elyvilon.
  3584 | D:5      | Found a stormy altar of Qazlal.
  3587 | D:5      | Found a shadowy altar of Dithmenos.
  3592 | D:5      | Found a hide-covered altar of Uskayaw.
  3838 | D:5      | Reached XP level 8. HP: 46/46 MP: 15/19
  3902 | D:5      | Reached skill level 5 in Conjurations
  4027 | D:5      | Found a corrupted altar of Lugonu.
  4097 | D:6      | Reached skill level 1 in Short Blades
  4428 | D:6      | Found a blossoming altar of Fedhas.
  4501 | D:6      | Reached XP level 9. HP: 52/52 MP: 22/22
  4540 | D:6      | Found a staircase to the Ecumenical Temple.
  4555 | D:6      | Reached * piety under Vehumet
  4555 | D:6      | Offered knowledge of Sandblast by Vehumet.
  4641 | D:6      | Learned a level 1 spell: Sandblast
  5007 | D:7      | Reached skill level 1 in Earth Magic
  5052 | D:7      | Noticed a troll
  5064 | D:7      | Killed a troll
  5146 | D:7      | Noticed a troll
  5161 | D:7      | Killed a troll
  5204 | D:7      | Found the +9 staff of Olgreb {rPois}
  5277 | D:7      | Reached skill level 5 in Dodging
  5277 | D:7      | Reached XP level 10. HP: 48/57 MP: 15/25
  5283 | D:7      | Reached skill level 10 in Spellcasting
  5360 | D:7      | Found a runed gate.
  5366 | D:7      | Found a runed door.
  5371 | D:7      | Found a runed door.
  5383 | D:7      | Found a runed gate.
  5383 | D:7      | Found a runed gate.
  5843 | D:7      | Reached ** piety under Vehumet
  5843 | D:7      | Offered knowledge of Sting by Vehumet.
  5930 | D:7      | Reached skill level 5 in Earth Magic
  5931 | D:7      | Reached skill level 10 in Fire Magic
  6033 | D:8      | Learned a level 1 spell: Sting
  6108 | D:8      | Reached skill level 1 in Poison Magic
  6130 | D:8      | Offered knowledge of Ignite Poison by Vehumet.
  6139 | D:8      | Noticed an orc knight
  6302 | D:8      | Noticed an orc knight
  6524 | D:8      | Killed an orc knight
  6610 | D:8      | HP: 1/57 [orc knight/+2 spear of flaming (6)]
  6610 | D:8      | Slain by an orc knight

Skill      XL: |  1  2  3  4  5  6  7  8  9 10 |
---------------+-------------------------------+-----
Fire Magic     | 4 5 6 7 8 9 10 | 10.1
Spellcasting   | 3 4 5 6 7 9 10 | 10.7
Conjurations   | 2 3 4 6 7 8 |  8.6
Dodging        | 3 4 5 |  5.5
Shields        | 1 2 |  2.8
Short Blades   | 1 2 |  2.1
Earth Magic    | 3 6 |  6.2
Poison Magic   | 1 |  1.7
Fighting       | |  0.7
Stealth        | |  1.5

Action                   |  1- 3 |  4- 6 |  7- 9 | 10-12 || total
-------------------------+-------+-------+-------+-------++-------
Melee: Dagger            |       |     1 |   171 |    21 ||   193
 Cast: Flame Tongue      |    73 |   104 |   143 |    20 ||   340
       Conjure Flame     |       |     2 |     1 |     1 ||     4
       Sticky Flame      |       |     5 |    26 |    14 ||    45
       Sandblast         |       |       |    12 |    32 ||    44
       Sting             |       |       |       |    28 ||    28
       Fireball          |       |       |       |    20 ||    20
  Use: Scroll            |     1 |     6 |     8 |       ||    15
  Eat: Chunk             |       |     4 |     9 |     3 ||    16
       Ration            |       |       |     2 |       ||     2
Armor: Skin              |     1 |     1 |    19 |     7 ||    28
Dodge: Dodged            |    19 |    36 |   158 |    95 ||   308
Block: Other             |     4 |    13 |    60 |    32 ||   109
